 Dungeon Crawl Stone Soup version 0.30.0-30-g96aa6591b8 (webtiles) character file.

Game seed: 13220165302999309590

102 Chiseanne the Sneak (level 4, 0/33 HPs)
             Began as an Octopode Delver on June 29, 2023.
             Killed from afar by Dowan (19 damage)
             ... with a stone arrow
             ... on level 5 of the Dungeon.
             The game lasted 00:00:50 (65 turns).

Chiseanne the Sneak (Octopode Delver)                 Turns: 65, Time: 00:00:51

Health: 0/33       AC:  1    Str: 11    XL:     4   Next: 78%
Magic:  4/4        EV: 14    Int: 12    God:
Gold:   0          SH:  0    Dex: 15    Spells: 3/3 levels left

rFire   . . .        a - +0 short sword
rCold   . . .        (no shield)
rNeg    . . .        (helmet restricted)
rPois   +            (no amulet)
rElec   .            g - ring of poison resistance
rCorr   .            (no ring)
SInv    .            (no ring)
Will    .....        (no ring)
Stlth   +++++        (no ring)
HPRegen 0.25/turn    (no ring)
MPRegen 0.09/turn    (no ring)
                     (no ring)

%: no passive effects
@: hasted, very quick
A: almost no armour, amphibious, 8 rings, camouflage 1, gelatinous body 1,
(nimble swimmer 1), tentacles
a: no special abilities


You were on level 5 of the Dungeon.
You visited 1 branch of the dungeon, and saw 1 of its levels.

Inventory:

Hand Weapons
 a - a +0 short sword (weapon)
Jewellery
 g - a ring of poison resistance (left tentacle)
Wands
 f - a wand of digging (2)
Scrolls
 b - a scroll of fog
 c - a scroll of magic mapping
 d - a scroll of fear


   Skills:
 + Level 3.7 Fighting
 + Level 2.9 Short Blades
 + Level 2.9 Dodging
 + Level 7.3 Stealth


You had 3 spell levels left.
You didn't know any spells.
Your spell library was empty.

Dungeon Overview and Level Annotations

Branches:
Dungeon (5/15)
 Temple: D:4-7

Altars:

Annotations:
D:5 Dowan


Innate Abilities, Weirdness & Mutations

You cannot wear most types of armour.
You are amphibious.
You can wear up to eight rings at the same time.
Your skin changes colour to match your surroundings (Stealth+).
Your rubbery body absorbs attacks. (AC +1, EV +1)
((You are camouflaged when in or above water. (Stealth+)))
You have tentacles for arms and can constrict up to eight enemies at once.


Message History

Duvessa hits you with a +0 short sword.
You feel yourself speed up.
You constrict Duvessa. You hit Duvessa but do no damage. You squeeze Duvessa.
Duvessa is heavily wounded.
You constrict Duvessa, but do no damage.
Duvessa hits you with a +0 short sword.
You hit Duvessa but do no damage.
Duvessa is heavily wounded.
You constrict Duvessa. You hit Duvessa but do no damage. You squeeze Duvessa.
Duvessa is heavily wounded.
You constrict Duvessa. You hit Duvessa. You squeeze Duvessa!
Duvessa is severely wounded.
You constrict Duvessa. You hit Duvessa.
Duvessa is almost dead.
You constrict Duvessa.
Dowan points at Duvessa and mumbles some strange words.
Duvessa seems to speed up.
Duvessa barely misses you.
You barely miss Duvessa. You squeeze Duvessa.
You kill Duvessa!
Dowan's eyes darken. "You have made a black mistake."
Dowan seems to find hidden reserves of power!
Your Stealth skill increases to level 7!
You have reached level 2!
You have reached level 3!
Your experience leads to an increase in your attributes!
Increase (s)trength, (i)ntelligence, or (d)exterity?
You feel agile. x2
You have reached level 4!
You barely miss Dowan. Your grab misses Dowan. Dowan barely misses you.
You hit Dowan. You grab Dowan.
Your tentacle-slap misses Dowan.
You squeeze Dowan!
Dowan is heavily wounded.
You constrict Dowan, but do no damage.
Dowan points at you and mumbles some strange words.
The stone arrow hits you!!
Ouch! That really hurt!
You die...

#.# #.# #.# #.#
#.############..
#..........eS...
#######S########
##e## #@## ###


You could see Dowan (fast) and an adder.

Vanquished Creatures
  Duvessa (D:5)
1 creature vanquished.

Notes
Turn   | Place    | Note
-------+----------+-------------------------------------------
     0 | D:5      | Chiseanne the Octopode Delver began the quest for the Orb.
     0 | D:5      | Reached XP level 1. HP: 16/16 MP: 1/1
    41 | D:5      | Noticed Duvessa
    42 | D:5      | Noticed Dowan
    63 | D:5      | Killed Duvessa
    64 | D:5      | Reached skill level 7 in Stealth
    64 | D:5      | Reached XP level 2. HP: 12/22 MP: 2/2
    64 | D:5      | Reached XP level 3. HP: 15/27 MP: 3/3
    64 | D:5      | Reached XP level 4. HP: 18/33 MP: 4/4
    65 | D:5      | Killed from afar by Dowan

Illustrated notes

Levels and vault maps discovered:
D:5:      layout_basic, chequers_temple_overflow_statue_of_worship,
          nicolae_wooded_promenade, minmay_hollow_rounded_squares, uniq_duvessa

Skill      XL: |  1 |
---------------+----+-----
Stealth        | 7 |  7.3
Fighting       | |  3.7
Short Blades   | |  2.9
Dodging        | |  2.9

Action                     |  1- 3 |  4- 6 || total
---------------------------+-------+-------++-------
  Melee: Short sword       |    14 |     2 ||    16
         Tentacles         |     6 |     1 ||     7
         Constrict         |     1 |     1 ||     2
  Evoke: Wand              |     1 |       ||     1
    Use: Potion            |     1 |       ||     1
  Dodge: Dodged            |     4 |     1 ||     5
